 Dungeon Crawl Stone Soup version 0.22-a0-855-g415d086bb8 (webtiles) character file.

3291 Htamos the Grappler (level 9, -6/92 HPs)
             Began as a Troll Chaos Knight on July 27, 2018.
             Killed by divine providence
             ... invoked by an orc priest
              (15 damage)
             ... on level 8 of the Dungeon.
             The game lasted 00:11:35 (6266 turns).

Htamos the Grappler (Troll Chaos Knight)            Turns: 6266, Time: 00:11:36

Health: -6/92      AC:  9    Str: 24    XL:     9   Next: 69%
Magic:  8/8        EV:  7    Int: 14    God:    Xom [....*.]
Gold:   34         SH: 17    Dex: 12    Spells: 8/8 levels left

rFire    . . .     SeeInvis +   q - +3 rapier (drain)
rCold    . . .     Gourm    +   d - +0 large shield
rNeg     . . .     Faith    .   g - +0 acid dragon scales
rPois    .         Spirit   .   (helmet restricted)
rElec    .         Reflect  .   (no cloak)
rCorr    +         Harm     .   (gloves unavailable)
MR       .....     Clarity  +   (boots unavailable)
Stlth    +.........             p - amulet of rage
HPRegen  0.65/turn              h - ring of resist corrosion
MPRegen  0.11/turn              e - +4 ring of intelligence

@: heavily drained
A: large, unfitting armour, claws 3, large bone plates 1, see invisible,
clarity, clever 1, fast metabolism 3, gourmand, high mp 1, regeneration 1,
shaggy fur 1, strong 1, tough skin 2, wild magic 1
a: Renounce Religion, Evoke Berserk Rage


You were on level 8 of the Dungeon.
You worshipped Xom.
You were a beloved toy of Xom.
You were full.

You visited 1 branch of the dungeon, and saw 8 of its levels.

You collected 366 gold pieces.
You spent 332 gold pieces at shops.

Inventory:

Hand Weapons
 q - a +3 rapier of draining (weapon)
Armour
 a - a +2 robe
 d - a +0 large shield (worn)
 g - +0 acid dragon scales (worn)
Jewellery
 e - a +4 ring of intelligence (right claw)
 h - a ring of resist corrosion (left claw)
 p - an amulet of rage (around neck)
Wands
 c - a wand of random effects (22)
 i - a wand of paralysis (15)
 o - a wand of clouds (6)
Scrolls
 f - a scroll of fog
 n - 3 scrolls of remove curse
Potions
 k - 2 potions of agility {unknown}
 s - 2 potions of flight {unknown}
 t - 4 potions of haste {unknown}
 v - a potion of lignification {unknown}
 w - a potion of brilliance {unknown}
Comestibles
 b - 10 rations


   Skills:
 + Level 6.9(5.5) Fighting
 + Level 6.7(5.2) Dodging
 * Level 2.6(1.3) Shields
 + Level 8.3(6.8) Unarmed Combat


You had 8 spell levels left.
You didn't know any spells.
Your spell library was empty.

Dungeon Overview and Level Annotations

Branches:
Dungeon (8/15)             Temple (0/1) D:5
   Lair: D:8-11

Altars:
Dithmenos
Fedhas
Hepliaklqana
Qazlal
Trog
Uskayaw
Xom

Shops:
D:7 *

Annotations:
D:6 exclusion: iguana


Innate Abilities, Weirdness & Mutations

You are too large for most types of armour.
You have claws for hands.
Your metabolism is lightning-fast.
You like to eat raw meat.
Your natural rate of healing is unusually fast.
You are covered in fur. (AC +1)
You have very tough skin. (AC +2)
You are partially covered in large bone plates. (SH +4)
You have supernaturally acute eyesight. (SInv)
You possess an exceptional clarity of mind.
Your mind is acute. (Int +2)
You have an increased reservoir of magic. (+10% MP)
Your muscles are strong. (Str +2)
Your spells are a little harder to cast, but a little more powerful.


Message History

Your surroundings suddenly seem different.
The worker ant twitches its antennae in your direction.
A two-headed ogre comes into view. It is wielding two giant spiked clubs.
The two-headed ogre shouts in stereo!
You hear a shout!
The two-headed ogre hits you with a giant spiked club!!
* * * LOW HITPOINT WARNING * * *
You block the two-headed ogre's attack.
Unknown command.
You see here 2 arrows.
The orc priest looks encouraged for a moment.
Things that are here:
a trident; a robe; a hound skeleton
Items here: ))) [[[ Xom's power touches on your mind for a moment.
The two-headed ogre looks rather confused.
The two-headed ogre covers its eyes.
The orc priest mumbles some strange prayers to Beogh against you.
Beogh smites you!
You die...
Xom giggles madly!

##..............
#................
...........>.....
................
..............###
.................
.................
#............#..
##.......@..##
#######.##..# .§.≈
##.# #.# ##... .
##.O###.# #... .#
#..###..###..##.##
#.####.###...#...
######o##§...§#.....#
#......)#.....#)....#
#.........._..(†....#


You could see a two-headed ogre (confused) and an orc priest (invisible).

Vanquished Creatures
  Sigmund (D:3)
  An ice beast (D:5)
  An orc warrior (D:6)
  2 sky beasts
  3 centaurs
  2 phantoms
  2 ogres
  4 bullfrogs
  A gnoll sergeant (D:6)
  2 scorpions
  7 wights (D:8)
  A howler monkey (D:7)
  A centaur zombie (D:7)
  A crimson imp (D:7)
  4 hounds
  A bullfrog skeleton (D:4)
  A centaur skeleton (D:8)
  An orc priest (D:4)
  2 iguanas
  8 orc wizards
  4 worker ants
  A hound zombie (D:5)
  A hound skeleton (D:5)
  2 worker ant zombies
  A howler monkey skeleton (D:6)
  11 adders
  14 gnolls
  3 shadow imps
  An ooze (D:2)
  4 worms
  2 dart slugs
  5 leopard geckos
  31 orcs
  2 ball pythons (D:1)
  5 bats
  4 giant cockroaches
  9 goblins
  8 hobgoblins
  9 jackals
  4 quokkas
  6 frilled lizards
  7 kobolds
  2 leopard gecko skeletons
  A quokka zombie (D:7)
  11 rats
194 creatures vanquished.

Vanquished Creatures (collateral kills)
  A hungry ghost (D:7)
  2 orc warriors
  A necrophage (D:7)
  A big kobold (D:7)
  A howler monkey (D:7)
  A worker ant (D:6)
  A kobold (D:7)
8 creatures vanquished.

Vanquished Creatures (others)
  A bullfrog (D:6)
  A gnoll sergeant (D:6)
  A scorpion (D:6)
  An iguana (D:6)
  2 orcs
6 creatures vanquished.

Grand Total: 208 creatures vanquished

Notes
Turn   | Place    | Note
-------+----------+-------------------------------------------
     0 | D:1      | Htamos the Troll Chaos Knight began the quest for the Orb.
     0 | D:1      | Reached XP level 1. HP: 22/22 MP: 0/0
    29 | D:1      | XOM: divination: magic mapping
   215 | D:1      | Reached XP level 2. HP: 28/29 MP: 1/1
   521 | D:1      | Reached XP level 3. HP: 31/36 MP: 2/2
   766 | D:2      | XOM: enchant monster (good)
  1120 | D:2      | XOM: god gift: 25 gold pieces
  1269 | D:3      | Reached XP level 4. HP: 45/45 MP: 3/3
  1354 | D:3      | Reached skill level 4 in Unarmed Combat
  1402 | D:3      | XOM: 6-stop teleportation journey
  1514 | D:3      | Noticed Sigmund
  1517 | D:3      | Noticed a bullfrog
  1524 | D:3      | Reached XP level 5. HP: 36/53 MP: 4/4
  1526 | D:3      | XOM: noise
  1532 | D:3      | XOM: confusion
  1566 | D:3      | XOM: blink monster(s)
  1588 | D:3      | Killed Sigmund
  1588 | D:3      | Reached XP level 6. HP: 14/62 MP: 5/5
  1594 | D:3      | Reached skill level 5 in Unarmed Combat
  1611 | D:3      | XOM: mild Tloc miscast
  2113 | D:4      | XOM: harmless Tloc miscast
  2130 | D:4      | XOM: noise
  2139 | D:4      | Reached XP level 7. HP: 58/70 MP: 6/6
  2295 | D:4      | XOM: noise
  2302 | D:4      | XOM: noise
  2389 | D:4      | XOM: stat loss: -1 Str (20/21)
  2416 | D:4      | XOM: enchant monster (bad)
  2440 | D:4      | XOM: blink monster(s)
  2444 | D:4      | XOM: blink monster(s)
  2446 | D:4      | XOM: 1-stop teleportation journey
  2580 | D:4      | XOM: noise
  2716 | D:4      | Noticed a moth of wrath
  2719 | D:4      | Found a bloodstained altar of Trog.
  2729 | D:4      | XOM: confusion
  2837 | D:4      | XOM: confusion (+ monsters)
  2841 | D:4      | Noticed a manticore
  2841 | D:4      | a moth of wrath changed into a manticore
  2841 | D:4      | XOM: polymorph moth of wrath -> manticore
  2842 | D:4      | XOM: potion effect (might)
  2854 | D:4      | XOM: enchant monster (good)
  2858 | D:4      | XOM: cleaving
  2866 | D:4      | XOM: scenery: create altars
  2874 | D:4      | XOM: destruction
  2876 | D:4      | XOM: fog
  2931 | D:4      | XOM: give mutations
  2931 | D:4      | Gained mutation: You are partially covered in large bone plates. (SH +4) [Xom's grace]
  2931 | D:4      | Gained mutation: You have an increased reservoir of magic. (+10% MP) [Xom's grace]
  2931 | D:4      | Gained mutation: Your muscles are strong. (Str +2) [Xom's grace]
  3092 | D:4      | XOM: divination: detect creatures
  3114 | D:5      | Entered Level 5 of the Dungeon
  3170 | D:5      | Reached skill level 5 in Fighting
  3173 | D:5      | Reached skill level 6 in Unarmed Combat
  3209 | D:5      | XOM: give mutations
  3209 | D:5      | Gained mutation: You have supernaturally acute eyesight. (SInv) [Xom's grace]
  3209 | D:5      | Gained mutation: Your muscles are very strong. (Str +4) [Xom's grace]
  3209 | D:5      | Gained mutation: You possess an exceptional clarity of mind. [Xom's grace]
  3209 | D:5      | Gained mutation: You have sharp toenails. [Xom's grace]
  3352 | D:5      | Found a staircase to the Ecumenical Temple.
  3356 | D:5      | XOM: enchant monster (good)
  3362 | D:5      | Reached XP level 8. HP: 80/80 MP: 7/7
  3409 | D:5      | Found a shadowy altar of Dithmenos.
  3468 | D:5      | Found a blossoming altar of Fedhas.
  3710 | D:5      | XOM: give mutations
  3710 | D:5      | Gained mutation: Your spells are a little harder to cast, but a little more powerful. [Xom's grace]
  3710 | D:5      | Gained mutation: Your mind is acute. (Int +2) [Xom's grace]
  3788 | D:5      | Found a hide-covered altar of Uskayaw.
  3890 | D:6      | XOM: noise
  3892 | D:6      | Reached skill level 5 in Dodging
  3897 | D:6      | XOM: summons friendly shadow imp
  3995 | D:6      | XOM: severe Erth miscast
  4000 | D:6      | XOM: confuse monster(s)
  4254 | D:6      | Found a shimmering altar of Xom.
  4316 | D:6      | Reached skill level 7 in Unarmed Combat
  4564 | D:6      | XOM: enchant monster (good)
  4680 | D:6      | Reached XP level 9. HP: 31/89 MP: 8/8
  4883 | D:6      | XOM: noise
  4919 | D:6      | XOM: give mutations
  4919 | D:6      | Lost mutation: You have sharp toenails. [Xom's mischief]
  4919 | D:6      | Lost mutation: Your muscles are very strong. (Str +4) [Xom's mischief]
  5137 | D:7      | Found Ciyhapn's Assorted Antiques.
  5140 | D:7      | Bought a large shield for 157 gold pieces
  5140 | D:7      | Bought a thin jasper amulet for 175 gold pieces
  5213 | D:7      | XOM: enchant monster (good)
  5370 | D:7      | XOM: 1-stop teleportation journey
  5396 | D:7      | XOM: summons friendly crimson imp
  5414 | D:7      | Found a hazy altar of Hepliaklqana.
  5935 | D:8      | XOM: divination: detect items
  5947 | D:7      | Reached skill level 8 in Unarmed Combat
  5961 | D:8      | Reached skill level 1 in Shields
  5963 | D:8      | XOM: silly message
  6051 | D:8      | XOM: summons friendly crimson imp
  6088 | D:8      | XOM: 2-stop teleportation journey
  6104 | D:8      | XOM: potion effect (brilliance)
  6114 | D:8      | XOM: fog
  6135 | D:8      | Found a stormy altar of Qazlal.
  6244 | D:8      | XOM: confuse monster(s)
  6248 | D:8      | XOM: fog
  6253 | D:8      | Noticed a two-headed ogre
  6254 | D:8      | HP: 1/92 [two-headed ogre/giant spiked club (27)]
  6265 | D:8      | XOM: confuse monster(s)
  6266 | D:8      | Killed from afar by an orc priest

Vault maps used:
D:1:      minmay_arrival_hallway, roderic_serpentine_path
D:3:      uniq_sigmund
D:4:      tgw_trog, first_ration, kennysheep_generic_room_13
D:5:      kennysheep_mini, kennysheep_little_box, minmay_temple_entry_grid,
          fedhas_altar_fruit_tree
D:6:      xom_confusion_cloud
D:7:      old_standard_altar, serial_shops, nicolae_shop_window_shopping
D:8:      kennysheep_okawaru_gauntlet, grunt_qazlal_clouds,
          minmay_lair_entry_lava, minmay_tree_intersection

Skill      XL: |  1  2  3  4  5  6  7  8  9 |
---------------+----------------------------+-----
Dodging        | 2 3 4 6 |  6.7
Fighting       | 3 4 5 6 |  6.9
Unarmed Combat | 4 5 6 7 8 |  8.3
Shields        | 2 |  2.6

Action                   |  1- 3 |  4- 6 |  7- 9 || total
-------------------------+-------+-------+-------++-------
Melee: Unarmed           |    98 |       |       ||    98
       Rapier            |     9 |   138 |   399 ||   546
       Punch             |       |     2 |    13 ||    15
       Kick              |       |       |    40 ||    40
  Use: Scroll            |     1 |     3 |    12 ||    16
       Potion            |       |     7 |     1 ||     8
 Stab: Sleeping          |     2 |     1 |       ||     3
       Invisible         |       |     1 |       ||     1
       Petrified         |       |       |     3 ||     3
       Confused          |       |       |     1 ||     1
  Eat: Chunk             |    17 |     8 |    41 ||    66
Armor: Robe              |    47 |    69 |    85 ||   201
       Acid dragon scale |       |       |    57 ||    57
       Skin              |       |       |     2 ||     2
Dodge: Dodged            |    55 |    91 |   200 ||   346
Block: Other             |       |       |    41 ||    41
       Large shield      |       |       |   169 ||   169

Table legend:
 A = Spawn XP
 B = Non-spawn XP
 C = Spawn XP percentage of total XP
 D = Spawn monster count
 E = Non-spawn monster count
 F = Spawn count percentage of total count
 G = Total turns spent on level
                    A         B        C        D         E        F      G
               +---------+---------+-------+---------+---------+-------+---------
         Total |       0 |    4702 |   0.0 |       0 |     202 |   0.0 |  6266
               +---------+---------+-------+---------+---------+-------+---------
           D:1 |       0 |      44 |   0.0 |       0 |      25 |   0.0 |   602
           D:2 |       0 |      48 |   0.0 |       0 |      17 |   0.0 |   639
           D:3 |       0 |     681 |   0.0 |       0 |      48 |   0.0 |   922
           D:4 |       0 |     500 |   0.0 |       0 |      23 |   0.0 |   951
           D:5 |       0 |     331 |   0.0 |       0 |      15 |   0.0 |   776
           D:6 |       0 |    1300 |   0.0 |       0 |      25 |   0.0 |  1145
           D:7 |       0 |     852 |   0.0 |       0 |      32 |   0.0 |   907
           D:8 |       0 |     946 |   0.0 |       0 |      17 |   0.0 |   324
               +---------+---------+-------+---------+---------+-------+---------
